 Dungeon Sprint DCSS version 0.30.1-11-g7821555f0a (webtiles) character file.

Game seed: 12906207290126078740

2331 Groucho the Unseen (level 9, -8/39 HPs)
             Began as a Spriggan Enchanter on Oct 28, 2023.
             Was a Follower of Dithmenos.
             Shot with an arrow by a deep elf master archer (31 damage)
             ... in the Dungeon (Sprint II: "The Violet Keep of Menkaure") on Oct 29, 2023.
             The game lasted 00:06:17 (349 turns).

Groucho the Unseen (Spriggan Enchanter)              Turns: 349, Time: 00:06:18

Health: -8/39      AC:  2    Str:  4    XL:     9   Next: 19%
Magic:  27/27      EV: 20    Int: 18    God:    Dithmenos [*.....]
Gold:   296        SH:  0    Dex: 18    Spells: 18/35 levels left

rFire   + . .        a - +1 dagger
rCold   + + .        (no shield)
rNeg    . . .        b - +0 robe
rPois   .            (helmet restricted)
rElec   .            (no cloak)
rCorr   .            (gloves unavailable)
SInv    +            (boots unavailable)
Will    +....        k - amulet of the acrobat
Stlth   +++++++      f - ring of flight
HPRegen 0.26/turn    j - ring "Ustruabuh" {rF+ rC++ SInv}
MPRegen 0.20/turn

%: no teleportation, acrobat
@: flying, wreathed by umbra, invisible, very quick
A: very small, no large weapons, unfitting armour, see invisible, speed 3
a: Renounce Religion


You were in the Dungeon.
You worshipped Dithmenos.
Dithmenos was aware of your devotion.
You visited 1 branch You collected 1134 gold pieces.
You spent 838 gold pieces at shops.

Inventory:

Hand Weapons
 a - a +1 dagger (weapon)
Armour
 b - a +0 robe (worn)
Jewellery
 f - a ring of flight (left hand)
 j - the ring "Ustruabuh" (right hand) {rF+ rC++ SInv}
   (You bought it in a shop in the Dungeon)

   [ring of see invisible]

   rF:        It protects you from fire.
   rC:        It greatly protects you from cold.
   SInv:      It lets you see invisible.
 k - an amulet of the acrobat (around neck)
Scrolls
 i - a scroll of blinking
Potions
 d - 3 potions of curing
 g - 2 potions of magic
 h - a potion of berserk rage


   Skills:
 + Level 4.2 Short Blades
 + Level 5.6 Dodging
 - Level 16.0 Stealth
 + Level 13.6 Spellcasting
 * Level 4.0 Conjurations
 + Level 13.7 Hexes
 * Level 5.0 Earth Magic


You had 18 spell levels left.
You knew the following spells:

 Your Spells              Type           Power      Damage    Failure   Level
a - Ensorcelled Hibernat  Hex/Ice        74%        N/A       1%          2
b - Confusing Touch       Hex            58%        N/A       1%          3
c - Dazzling Flash        Conj/Hex       88%        N/A       1%          3
d - Tukima's Dance        Hex            58%        N/A       1%          3
e - Sandblast             Erth           60%        2d14      1%          1
f - Passwall              Tmut/Erth      17%        N/A       3%          2
g - Stone Arrow           Conj/Erth      56%        3d10      2%          3

Your spell library contained the following spells:

 Spells                   Type           Power      Damage    Failure   Level


Dungeon Overview and Level Annotations

Branches:
Dungeon (1/1)

Altars:
Cheibriados
Dithmenos
Elyvilon
Fedhas
Gozag
Hepliaklqana
Kikubaaqudgha
Makhleb
Nemelex Xobeh
Okawaru
Qazlal
Ru
Sif Muna
Trog
Uskayaw
Vehumet
Wu Jian
Xom
Yredelemnul
Zin
The Shining One
Jiyva
Lugonu

Shops:
D :=[:!?(=::![[!=

Annotations:
D exclusion: oklob plant, Roxanne


Innate Abilities, Weirdness & Mutations

You are very small and have problems with some larger weapons.
You are too small for most types of armour.
You have supernaturally acute eyesight. (SInv)
You cover ground extremely quickly. (Speed+++)


Message History

k - an amulet of the acrobat You start putting on your amulet.
You continue putting on your amulet of the acrobat. x3
The walls and floor vibrate strangely for a moment.
You continue putting on your amulet of the acrobat. x2
You finish putting on your amulet of the acrobat.
You feel ready to tumble and roll out of harm's way.
k - an amulet of the acrobat (around neck) Unknown command.
d - 3 potions of curing (gained 2)
You now have 296 gold pieces (gained 81).
There is an open door here.
Okay, then.
A deep elf master archer comes into view.
Press: ? - help, v - describe, . - travel
Here: a deep elf master archer, wearing a +0 leather armour (asleep)
The floor.
You fade into invisibility!
The deep elf master archer shouts!
Casting: Passwall (safe; 3% risk of failure)
Confirm with . or Enter, or press ? or * to list all spells.
Aiming: Tukima's Dance (safe; 1% risk of failure)
Press: ? - help, Shift-Dir - straight line, f - deep elf master archer
Aim: a deep elf master archer, wearing a +0 leather armour (wandering, unable to see you, hasn't noticed you, not susceptible)
Okay, then.
You hit the deep elf master archer but do no damage.
The deep elf master archer wields a +0 longbow.
The deep elf master archer shoots an arrow.
The arrow closely misses you.
The deep elf master archer shoots an arrow.
The arrow hits you!!!
Ouch! That really hurt!
* * * LOW HITPOINT WARNING * * *
You feel much better.
The deep elf master archer shoots an arrow.
The arrow barely misses you.
The deep elf master archer shoots an arrow.
The arrow hits you!!
Ouch! That really hurt!
You die...

##++## ## ##≈..^### ~##
#e@.....# ###~~#+++
####....# ##~~~... +....#
∩#~~~~.##+# .. ####.#
.#~~~~###.###.####..'.###
.#~~~~#..#††# ...#..#...#
.#~~####.#.####..#####.^#
.#~##.###'###.##..#..'..#
.#~#.#.##.##.###..#).#..#


You could see a deep elf master archer (unable to see you).

Vanquished Creatures
  A great orb of eyes (D)
  2 unseen horrors (D)
  2 wyverns (D)
  4 neqoxecs (D)
  Menkaure (D)
  4 scorpions (D)
  3 worms (D)
17 creatures vanquished.

Notes
Turn   | Place    | Note
-------+----------+-------------------------------------------
     0 | D        | Groucho the Spriggan Enchanter began the quest for the Orb.
     0 | D        | Reached XP level 1. HP: 9/9 MP: 5/5
    10 | D        | Reached skill level 5 in Stealth
    13 | D        | Reached skill level 6 in Stealth
    14 | D        | Reached XP level 2. HP: 13/13 MP: 5/7
    17 | D        | Noticed a scorpion
    17 | D        | Noticed a scorpion
    17 | D        | Noticed a scorpion
    17 | D        | Noticed a scorpion
    20 | D        | Killed a scorpion
    21 | D        | Reached skill level 9 in Stealth
    21 | D        | Reached skill level 5 in Spellcasting
    21 | D        | Reached skill level 5 in Hexes
    21 | D        | Reached XP level 3. HP: 16/16 MP: 5/10
    21 | D        | Killed a scorpion
    22 | D        | Reached skill level 11 in Stealth
    22 | D        | Reached XP level 4. HP: 21/21 MP: 5/13
    24 | D        | Killed a scorpion
    25 | D        | Reached skill level 12 in Stealth
    25 | D        | Reached XP level 5. HP: 24/24 MP: 5/15
    26 | D        | Reached skill level 13 in Stealth
    30 | D        | Noticed a wyvern
    30 | D        | Noticed a wyvern
    33 | D        | Killed a wyvern
    34 | D        | Reached skill level 15 in Stealth
    34 | D        | Reached XP level 6. HP: 28/28 MP: 6/18
    36 | D        | Killed a wyvern
    37 | D        | Reached skill level 16 in Stealth
    37 | D        | Reached skill level 10 in Hexes
    37 | D        | Reached XP level 7. HP: 32/32 MP: 6/21
    41 | D        | Noticed a neqoxec
    41 | D        | Noticed a neqoxec
    41 | D        | Noticed a neqoxec
    41 | D        | Noticed a neqoxec
    43 | D        | Killed a neqoxec
    44 | D        | Reached skill level 10 in Spellcasting
    45 | D        | Killed a neqoxec
    47 | D        | Killed a neqoxec
    49 | D        | Killed a neqoxec
    50 | D        | Reached XP level 8. HP: 36/36 MP: 7/25
    87 | D        | Found Naenwios's Distillery.
    88 | D        | Found Abing's Book Shoppe.
    88 | D        | Found Keeteite's Book Emporium.
    88 | D        | Found Cadeabea's Distillery.
    88 | D        | Found Pevil Qeim's Jewellery Shoppe.
    88 | D        | Found Fouck's Antique Armour Shoppe.
    88 | D        | Found Puvijilu's Book Emporium.
    88 | D        | Found Koodo's Antique Weapon Emporium.
    88 | D        | Found Wosuomodgh's Jewellery Shoppe.
    88 | D        | Found Enuits's Distillery.
    89 | D        | Found Siajonuf's Antique Armour Shoppe.
    89 | D        | Found Tahuij's Antique Armour Shoppe.
    89 | D        | Found Laofafei's Magic Scroll Emporium.
    89 | D        | Found Fynu's Jewellery Emporium.
    89 | D        | Noticed Menkaure
    89 | D        | Noticed a polar bear
    94 | D        | Learned a level 2 spell: Ensorcelled Hibernation
    99 | D        | Learned a level 3 spell: Confusing Touch
   102 | D        | Noticed a polar bear
   117 | D        | Killed Menkaure
   120 | D        | Noticed an oklob plant
   121 | D        | Found Fath's Book Shoppe.
   130 | D        | Noticed a slime creature
   130 | D        | Noticed a slime creature
   172 | D        | Bought a book of Geomancy for 198 gold pieces
   176 | D        | Learned a level 3 spell: Dazzling Flash
   180 | D        | Learned a level 3 spell: Tukima's Dance
   182 | D        | Learned a level 1 spell: Sandblast
   185 | D        | Learned a level 2 spell: Passwall
   189 | D        | Learned a level 3 spell: Stone Arrow
   193 | D        | Bought a ring of flight for 175 gold pieces
   194 | D        | Bought the ring "Ustruabuh" {rF+ rC++ SInv} for 465 gold
                  | pieces
   232 | D        | Found an iron altar of Okawaru.
   232 | D        | Found an opulent altar of Gozag.
   233 | D        | Found a sparkling altar of Nemelex Xobeh.
   233 | D        | Found a blossoming altar of Fedhas.
   234 | D        | Found a radiant altar of Vehumet.
   234 | D        | Found a burning altar of Makhleb.
   234 | D        | Found a white marble altar of Elyvilon.
   249 | D        | Identified Roxanne's Spellbook of the Caves
   249 | D        | Noticed Roxanne
   260 | D        | Found a shadowy altar of Dithmenos.
   260 | D        | Found a corrupted altar of Lugonu.
   260 | D        | Found a hide-covered altar of Uskayaw.
   261 | D        | Found an ancient bone altar of Kikubaaqudgha.
   261 | D        | Found a snail-covered altar of Cheibriados.
   261 | D        | Found a bloodstained altar of Trog.
   261 | D        | Found a glowing silver altar of Zin.
   262 | D        | Found a viscous altar of Jiyva.
   262 | D        | Found a shimmering blue altar of Sif Muna.
   262 | D        | Found a basalt altar of Yredelemnul.
   267 | D        | Found a sacrificial altar of Ru.
   267 | D        | Found a stormy altar of Qazlal.
   267 | D        | Found an ornate altar of the Wu Jian Council.
   267 | D        | Found a hazy altar of Hepliaklqana.
   267 | D        | Found a shimmering altar of Xom.
   267 | D        | Found a glowing golden altar of the Shining One.
   271 | D        | Became a worshipper of Dithmenos the Shadowed
   311 | D        | Noticed an unseen horror
   312 | D        | Noticed an unseen horror
   313 | D        | Killed an unseen horror
   314 | D        | Reached skill level 1 in Conjurations
   315 | D        | Killed an unseen horror
   322 | D        | Noticed a great orb of eyes
   324 | D        | Killed a great orb of eyes
   324 | D        | Reached * piety under Dithmenos
   325 | D        | Reached skill level 5 in Dodging
   325 | D        | Reached skill level 5 in Earth Magic
   325 | D        | Reached XP level 9. HP: 39/39 MP: 27/27
   342 | D        | Noticed a deep elf master archer
   349 | D        | Shot with an arrow by a deep elf master archer

Illustrated notes

Levels and vault maps discovered:
D:        the_violet_keep_of_menkaure [sprint2_stairs_cluster_1,
          sprint2_shoproom, sprint2_temple, sprint2_basic_supplies,
          sprint2_obstacle_6, sprint2_obstacle_7, sprint2_obstacle_3,
          sprint2_obstacle_5, sprint2_obstacle_4, sprint2_timed_cluster_1,
          sprint2_smallroom_cluster_1, sprint2_smallroom_final_cluster_1,
          sprint2_transparent_cluster_1, sprint2_second_timed_cluster_1,
          sprint2_sniper_area_1, sprint2_heavy_combat_area_1,
          sprint2_mutation_trap_area_1, sprint2_forest_area_1,
          sprint2_light_combat_area_1, sprint2_behind_water_1,
          sprint2_near_end_vault_1]

Skill      XL: |  1  2  3  4  5  6  7  8 |
---------------+-------------------------+-----
Stealth        | 6 9 11 12 15 16 | 16.0
Spellcasting   | 3 5 6 7 8 9 12 13 | 13.6
Hexes          | 4 5 6 7 9 10 12 13 | 13.7
Short Blades   | 4 |  4.2
Dodging        | 5 |  5.6
Conjurations   | 4 |  4.0
Earth Magic    | 5 |  5.0

Action                     |  1- 3 |  4- 6 |  7- 9 || total
---------------------------+-------+-------+-------++-------
  Melee: Dagger            |     6 |     4 |    14 ||    24
   Cast: Passwall          |       |       |     2 ||     2
         Confusing Touch   |       |       |     1 ||     1
    Use: Potion            |     2 |       |     2 ||     4
   Stab: Sleeping          |     5 |     4 |     7 ||    16
         Confused          |       |       |     1 ||     1
  Dodge: Dodged            |       |       |     2 ||     2
